[Event "European Corporate Championship 2022"]
[Site "Rotterdam"]
[Date "2022.06.18"]
[Round "1.2"]
[White "Rietman, Frits"]
[Black "Dekker, Derk"]
[Result "1-0"]
[ECO "C54"]
[WhiteElo "2237"]
[BlackElo "1893"]
[Annotator "NA RC"]
[PlyCount "95"]
[EventDate "2022.06.18"]
[EventType "team-tourn"]
[EventCountry "NED"]
[SourceTitle "playchess.com"]
[Source "ChessBase"]
[SourceQuality "1"]
[TimeControl "900+5"]

1. e4 e5 2. Nf3 Nc6 3. Bc4 Nf6 4. d3 Bc5 5. Bg5 d6 6. c3 Bb6 7. Nbd2 h6 8. Bh4 Bg4 9. b4 a5 10. a3 Qe7 11. Bb5 axb4 12. axb4 Rxa1 13. Qxa1 O-O 14. h3 Bxf3 15. Nxf3 Nd8 16. O-O Ne6 17. Re1 Nf4 18. Qb1 Ng6 19. Bg3 Nh5 20. Bh2 Nhf4 21. Bg3 Ra8 22. d4 Qf6 23. dxe5 dxe5 24. Nd2 c6 25. Bc4 Rd8 26. Nb3 Qg5 27. Nc5 Nh4 28. Bf1 Rd2 29. Rd1 Rxd1 30. Qxd1 Bxc5 31. bxc5 Qe7 32. Kh2 Nhg6 33. Qd6 Kf8 34. Qb8+ Qe8 35. Qxb7 Ne6 36. Qb6 Kg8 37. Bc4 Ngf4 38. Bb3 Kh7 39. Ba4 f6 40. Bxc6 Qg6 41. Bd5 Nxd5 42. exd5 Nf4 43. Bxf4 exf4 44. Qe6 Qc2 45. f3 g5 46. c6 Qf2 47. c7 Qg3+ 48. Kg1 1-0

[Event "European Corporate Championship 2022"]
[Site "Rotterdam"]
[Date "2022.06.18"]
[Round "1.3"]
[White "Vosooghi Dizaji, Mehdi"]
[Black "Groenewold, Jan Joris"]
[Result "1/2-1/2"]
[ECO "B23"]
[WhiteElo "1878"]
[BlackElo "2134"]
[Annotator "NA RC"]
[PlyCount "129"]
[EventDate "2022.06.18"]
[EventType "team-tourn"]
[EventCountry "NED"]
[SourceTitle "playchess.com"]
[Source "ChessBase"]
[SourceQuality "1"]
[TimeControl "900+5"]

1. e4 c5 2. Nc3 e6 3. Bc4 a6 4. a4 Nc6 5. f4 Nf6 6. e5 d5 7. exd6 Bxd6 8. d3 Qc7 9. Nge2 O-O 10. O-O Rb8 11. Ne4 Be7 12. Qe1 b5 13. axb5 axb5 14. Bb3 Nb4 15. Bd2 Nbd5 16. c3 b4 17. Bc4 Nb6 18. Bb3 c4 19. Nxf6+ Bxf6 20. dxc4 Nxc4 21. cxb4 Nxd2 22. Qxd2 Qb6+ 23. Kh1 Qxb4 24. Qxb4 Rxb4 25. Rf3 Bb7 26. Rg3 Bxb2 27. Rb1 Bf6 28. f5 Bd5 29. fxe6 fxe6 30. Nf4 Bxb3 31. Rgxb3 Rxb3 32. Rxb3 Be5 33. g3 Bxf4 34. gxf4 Rxf4 35. Rb8+ Kf7 36. Rb7+ Kf6 37. Kg2 h5 38. Kg3 g5 39. Rb8 Rg4+ 40. Kf3 Rh4 41. Kg3 Ra4 42. Rh8 Ra3+ 43. Kg2 h4 44. Rh6+ Kf5 45. Rh8 e5 46. Rf8+ Kg4 47. Re8 Ra2+ 48. Kg1 Kf4 49. Rf8+ Ke3 50. Rf5 h3 51. Rxe5+ Kf3 52. Re1 g4 53. Rf1+ Ke3 54. Re1+ Kf4 55. Rf1+ Kg5 56. Rc1 Ra4 57. Rc5+ Kf4 58. Rc1 Ra3 59. Rf1+ Rf3 60. Ra1 g3 61. Ra4+ Ke3 62. Ra3+ Kf4 63. hxg3+ Rxg3+ 64. Rxg3 Kxg3 65. Kh1 1/2-1/2

[Event "European Corporate Championship 2022"]
[Site "Rotterdam"]
[Date "2022.06.18"]
[Round "1.5"]
[White "Nijboer, Friso"]
[Black "Quintana Hernandez, Marcos Ivan"]
[Result "1-0"]
[ECO "B07"]
[WhiteElo "2464"]
[BlackElo "1925"]
[Annotator "TA"]
[PlyCount "37"]
[EventDate "2022.06.18"]
[EventType "team-tourn"]
[EventCountry "NED"]
[SourceTitle "playchess.com"]
[Source "ChessBase"]
[SourceQuality "1"]
[TimeControl "900+5"]

1. e4 d6 2. d4 Nf6 3. Nc3 g6 4. Be3 Bg7 5. Qd2 c6 6. Bh6 O-O 7. f3 Nbd7 8. h4 e5 9. Bxg7 Kxg7 10. O-O-O h5 $1 {[%emt 0:04:31] [#]} 11. g4 $146 {[%emt 0:02:10] B07: Pirc Defence: Miscellaneous Systems.} ({Predecessor:} 11. Nh3 b5 12. Ng5 Qa5 13. Kb1 b4 14. Ne2 Ba6 15. g4 Rh8 16. gxh5 Nxh5 17. dxe5 Bxe2 18. Bxe2 Qxe5 {1-0 (56) Stefansson,H (2518)-Rasik,V (2424) Marianske Lazne 2022}) 11... hxg4 12. h5 {[%emt 0:00:01] [#] aiming for hxg6.} Rh8 13. h6+ {[%emt 0:00:04] The position is equal.} Kh7 14. dxe5 dxe5 (14... Nxe5 $14 15. f4 Ned7) 15. fxg4 $16 {[%emt 0:00:17] White is more active.} Nxg4 (15... Qe7 $16 {was called for.}) 16. Nf3 {[%emt 0:00:01] [#] Hoping for Ng5+.} Qf6 (16... Qe7 17. Ng5+ Kg8) 17. Ng5+ $18 {[%emt 0:00:10] White is clearly winning.} Kg8 18. Bc4 Qf4 19. Bxf7+ {[%emt 0:00:48] Black did not feel at home in the position after the opening.  Weighted Error Value: White=0.02 (flawless) /Black=0.80} 1-0

[Event "European Corporate Championship 2022"]
[Site "Rotterdam"]
[Date "2022.06.18"]
[Round "1.6"]
[White "Weijers, Ralf"]
[Black "De Vreugt, Dennis"]
[Result "0-1"]
[ECO "C56"]
[WhiteElo "1857"]
[BlackElo "2393"]
[Annotator "TA"]
[PlyCount "46"]
[EventDate "2022.06.18"]
[EventType "team-tourn"]
[EventCountry "NED"]
[SourceTitle "playchess.com"]
[Source "ChessBase"]
[SourceQuality "1"]
[TimeControl "900+5"]

1. e4 e5 2. Nf3 Nc6 3. Bc4 Nf6 4. d4 exd4 5. e5 Ne4 6. O-O d5 7. exd6 Nxd6 8. Bb3 Bg4 9. Re1+ Be7 10. Bg5 {[%emt 0:00:18] C56: Two Knights: 4 d4 exd4 5 0-0 Nxe4.} (10. Bf4 $11) 10... O-O $15 11. Bxe7 Nxe7 12. Qxd4 {[%emt 0:00:30] Black is slightly better.} Bxf3 13. gxf3 Nef5 14. Qf4 {[%emt 0:00:10] [#]} Qh4 $146 ({Predecessor:} 14... Nh4 15. Nd2 Ndf5 16. Rad1 Qf6 17. Kh1 Rad8 18. c3 Ng6 19. Qxc7 {0-1 (30) Zhu,H (1727)-Rousseau,D (2181) Montreal 2009}) 15. Qg4 h5 16. Qg2 (16. Qxh4 $142 Nxh4 17. Nd2) 16... Qf4 {[%emt 0:00:42] [#] Strongly threatening ...Nh4.} 17. Bd5 $2 (17. Kh1 $17) 17... c6 $19 18. Be4 Nxe4 19. Rxe4 Qc1+ 20. Qf1 Qxb2 ({But not} 20... Qxc2 $2 21. Re2 Qc5 22. Na3 $19) 21. Nd2 Rad8 22. Nc4 Qxc2 23. Qh3 (23. Qc1 $142 Qd3 24. Ne5) 23... Rd1+ {[%emt 0:09:27] White got outplayed after the opening.  Weighted Error Value: White=0.46/Black=0.03 (flawless)} 0-1

[Event "European Corporate Championship 2022"]
[Site "Rotterdam"]
[Date "2022.06.18"]
[Round "1.9"]
[White "Tikranian, Alik"]
[Black "Haast, Mark"]
[Result "0-1"]
[ECO "A37"]
[WhiteElo "2303"]
[BlackElo "2414"]
[Annotator "TA"]
[PlyCount "94"]
[EventDate "2022.06.18"]
[EventType "team-tourn"]
[EventCountry "NED"]
[SourceTitle "playchess.com"]
[Source "ChessBase"]
[SourceQuality "1"]
[TimeControl "900+5"]

1. Nf3 c5 2. c4 g6 3. g3 Bg7 4. Bg2 Nc6 5. Nc3 e5 6. e4 Nge7 7. d3 d6 {[%emt 0:00:06] A37: Symmetrical English vs ...g6: 4 Bg2 Bg7 5 Nf3.} 8. Be3 Nd4 9. Bxd4 (9. Rb1 $11) 9... cxd4 $15 {[%emt 0:01:26] [#] Black is slightly better.} 10. Nd5 $146 ({Predecessor:} 10. Ne2 Qa5+ 11. Qd2 Qxd2+ 12. Nxd2 Rb8 13. O-O O-O 14. Rac1 f5 15. Rc2 Nc6 16. a3 {1-0 (36) Berau,J (1695)-Bienhuels,M (2050) Germany 2005}) 10... Nxd5 11. cxd5 O-O 12. O-O Bg4 13. Qb3 Qb6 14. Rfc1 ({Better is} 14. h3 $15 Bd7 15. Nd2) 14... Rfc8 15. h3 Bxf3 (15... Qxb3 $17 16. axb3 Bh6 17. Rxc8+ Bxc8) 16. Bxf3 $11 Bh6 17. Rxc8+ Rxc8 18. Qxb6 axb6 {[%emt 0:00:01][%mdl 4096] Endgame KRB-KRB} 19. Bd1 {[%emt 0:00:02] Against Rc2} f5 20. exf5 gxf5 21. f3 Kg7 22. g4 (22. a4 $15) 22... Rc5 {[%emt 0:00:57] Black is more active.} ({Black should try} 22... e4 $17 23. fxe4 fxe4 24. dxe4 d3) 23. Bb3 (23. Kf2 $15) 23... Bc1 $17 24. Bc4 Bxb2 25. Rb1 b5 26. Bb3 Bc1 27. gxf5 Kf6 28. a4 (28. Kf2 {was worth a try.}) 28... b4 $2 {[%emt 0:00:46] [#]} ({Not} 28... Kxf5 29. Bd1 $19) (28... Rc3 $19 29. Kf1 Rxd3) 29. Bc4 Bd2 30. Kf2 Rc7 {[%emt 0:00:33] Strongly threatening ...Rg7.} 31. Ke2 Bc3 {[%emt 0:00:04] And now ...Rg7 would win.} 32. Rg1 Kxf5 (32... Rg7 $15 33. Rg4 h5 34. Rxg7 Kxg7) 33. Rg8 $11 Kf6 34. Rg4 (34. Rd8 $1 $11) 34... Rg7 $17 35. Rxg7 Kxg7 {[%emt 0:00:01] KB-KB} 36. f4 $2 {[%emt 0:00:01][%mdl 8192] This costs White the game.} (36. Kd1 $17) 36... exf4 $19 37. Kf3 Bd2 38. Ke4 Be3 {[%emt 0:00:02] Hoping for ...Kg6.} 39. Kf3 Kf6 $2 (39... Kg6 40. Bb3 Kg5) 40. a5 $2 (40. Kg2) 40... Ke7 41. Bb3 Kd7 42. Ba4+ Kc7 43. Ke4 Kb8 44. Bb3 Ka7 45. Bc4 $2 {[%emt 0:00:02] [#]} (45. Kf3) 45... b3 $1 {[%emt 0:00:07] Black is clearly winning.} 46. Bxb3 Ka6 47. Bc4+ Kxa5 {[%emt 0:00:51] Weighted Error Value: White=0.61/Black=0.33} 0-1

[Event "European Corporate Championship 2022"]
[Site "Rotterdam"]
[Date "2022.06.18"]
[Round "1.10"]
[White "Schouten, Jordy"]
[Black "Eerens, Pim"]
[Result "1/2-1/2"]
[ECO "E57"]
[WhiteElo "2121"]
[BlackElo "2087"]
[Annotator "NA RC"]
[PlyCount "142"]
[EventDate "2022.06.18"]
[EventType "team-tourn"]
[EventCountry "NED"]
[SourceTitle "playchess.com"]
[Source "ChessBase"]
[SourceQuality "1"]
[TimeControl "900+5"]

1. e4 c5 2. c3 Nf6 3. e5 Nd5 4. Nf3 d6 5. exd6 e6 6. Bc4 Bxd6 7. O-O O-O 8. d4 cxd4 9. cxd4 Nc6 10. Nc3 Nf6 11. Bg5 h6 12. Bh4 Be7 13. a3 a6 14. Qd3 b5 15. Bb3 Bb7 16. Rad1 g6 17. Rfe1 Kg7 18. Bc2 Qd7 19. Ne5 Qe8 20. Qg3 Nh5 21. Qh3 Bxh4 22. Qxh4 Qe7 23. Qg4 Nf6 24. Qg3 Nh5 25. Nxg6 Nxg3 26. Nxe7 Nxe7 27. hxg3 Rfd8 28. f3 Rac8 29. Be4 Bd5 30. Kf2 Bb3 31. Rd2 Rc4 32. Ke3 Nd5+ 33. Bxd5 exd5 34. Kf4 Rc6 35. Re7 Rdd6 36. Rde2 Rf6+ 37. Ke3 Bc4 38. Re1 Rfe6+ 39. Rxe6 fxe6 40. Kf4 Kf6 41. Rh1 Kg6 42. Ke5 Rb6 43. f4 b4 44. axb4 Rxb4 45. Kxe6 Rxb2 46. f5+ Kg7 47. f6+ Kg6 48. Rh4 Rb6+ 49. Ke5 Rxf6 50. Rxh6+ Kxh6 51. Kxf6 Kh5 52. Kf5 Bd3+ 53. Kf4 Bc4 54. g4+ Kg6 55. Ke5 a5 56. Nxd5 a4 57. Ne3 a3 58. Nc2 a2 59. d5 Bd3 60. Na1 Kg5 61. Kd4 Bb5 62. Kc3 Kxg4 63. Kb2 Kf5 64. Nc2 Ke5 65. Nb4 Bc4 66. Nxa2 Kxd5 67. Nc3+ Ke5 68. g3 Kf5 69. Kc2 Kg4 70. Ne4 Bd5 71. Nf6+ Kxg3 1/2-1/2

[Event "European Corporate Championship 2022"]
[Site "Rotterdam"]
[Date "2022.06.18"]
[Round "1.11"]
[White "IJzermans, Ger"]
[Black "IJzermans, Cees"]
[Result "1/2-1/2"]
[ECO "A04"]
[WhiteElo "1404"]
[BlackElo "2115"]
[Annotator "NA RC"]
[PlyCount "126"]
[EventDate "2022.06.18"]
[EventType "team-tourn"]
[EventCountry "NED"]
[SourceTitle "playchess.com"]
[Source "ChessBase"]
[SourceQuality "1"]
[TimeControl "900+5"]

1. Nf3 g5 2. d4 g4 3. Ne5 d6 4. Nc4 Nf6 5. Nc3 Bf5 6. Bg5 Nbd7 7. e3 c6 8. Bd3 Bxd3 9. Qxd3 Qc7 10. Bxf6 Nxf6 11. Ne4 Nxe4 12. Qxe4 d5 13. Qe5 Qxe5 14. Nxe5 Rg8 15. O-O f6 16. Nd3 e6 17. f3 gxf3 18. Rxf3 Be7 19. Rh3 Rg7 20. Nf4 Kd7 21. c3 Rag8 22. g3 a5 23. Rf1 a4 24. Nh5 Rf7 25. Nf4 a3 26. b3 Rg5 27. Nd3 Bd6 28. Ne5+ Bxe5 29. dxe5 Rxe5 30. Rf3 c5 31. Rh4 b5 32. Rh6 Ke7 33. Rh4 Rg5 34. b4 c4 35. Rff4 e5 36. Rf3 Ke6 37. Kf2 f5 38. Rh6+ Rg6 39. Rxg6+ hxg6 40. h4 Rd7 41. Ke2 d4 42. exd4 exd4 43. Kd2 dxc3+ 44. Kxc3 Rd3+ 45. Rxd3 cxd3 46. Kxd3 Kd5 47. Kc3 Ke4 48. Kd2 Kd4 49. Kc2 Ke3 50. Kc3 Ke4 51. Kb3 f4 52. gxf4 Kxf4 53. Kxa3 Kg4 54. Kb3 Kxh4 55. a4 bxa4+ 56. Kxa4 g5 57. b5 g4 58. b6 g3 59. b7 g2 60. b8=Q g1=Q 61. Qh8+ Kg3 62. Qg8+ Kf2 63. Qxg1+ Kxg1 1/2-1/2

[Event "European Corporate Championship 2022"]
[Site "Rotterdam"]
[Date "2022.06.18"]
[Round "1.13"]
[White "Konijn, Bart"]
[Black "Giri, Anish"]
[Result "0-1"]
[ECO "B94"]
[WhiteElo "2224"]
[BlackElo "2761"]
[Annotator "TA"]
[PlyCount "72"]
[EventDate "2022.06.18"]
[EventType "team-tourn"]
[EventCountry "NED"]
[SourceTitle "playchess.com"]
[Source "ChessBase"]
[SourceQuality "1"]
[TimeControl "900+5"]

1. e4 c5 2. Nf3 d6 3. d4 cxd4 4. Nxd4 Nf6 5. Nc3 a6 6. Bg5 Nbd7 7. Bc4 {[%emt 0:00:20] 7.Qe2 is the modern continuation.} Qb6 {[%emt 0:00:02] B94: Sicilian Najdorf: 6 Bg5 Nbd7.} 8. Bb3 e6 9. Qd2 Be7 {[%emt 0:00:04] The position is equal.} 10. O-O-O Nc5 11. Rhe1 {[%emt 0:00:24][%cal Od4f5] And now Nf5! would win.} h6 12. Bh4 {[%emt 0:01:36][%cal Od4f5] Black must now prevent Nf5!} O-O {[%emt 0:00:31][%cal Of6e4] [#]} 13. Kb1 $146 {[%emt 0:00:42] [#]} (13. g3 $11) ({Predecessor:} 13. g3 Bd7 14. f4 Nxb3+ 15. axb3 Rfe8 16. e5 dxe5 17. fxe5 Nh7 18. Bxe7 Rxe7 19. Nf5 {1-0 (48) Dominguez Perez,L (2758)-Martinez Alcantara,J (2620) Chess.com INT 2020}) 13... Nfxe4 $1 $17 14. Nxe4 Bxh4 15. Qf4 Nxe4 16. Qxh4 Nf6 (16... d5 $17 17. f3 Nc5) 17. g4 $11 Nh7 (17... e5 $11 18. Nf3 Qb4) 18. f4 {[%emt 0:00:44][%mdl 1024] White has compensation.} Qc5 {[%emt 0:01:18] Prevents g5.} 19. Qe7 (19. Qg3 $14) 19... b5 20. Nf3 a5 21. a3 (21. Qxd6 $2 Qxd6 22. Rxd6 a4 $19) ({Not} 21. Rxd6 $2 Ra7 22. Re5 Qf2 $19) 21... a4 ({Black should play} 21... Qc6 $15 22. Rf1 a4) 22. Ba2 b4 23. axb4 ({Wrong is} 23. Rxd6 $2 bxa3 24. Rdxe6 Qb5 25. Qxa3 Bxe6 $19) 23... Qxb4 24. Qxd6 Rb8 {[%emt 0:00:00][%csl Gb8][%cal Rb4b2] [#]} 25. Qd4 a3 26. Bb3 $1 axb2 $40 {[%emt 0:00:00][%mdl 128] Black attacks.} 27. Ne5 Qa5 28. Qxb2 {[%emt 0:00:00] Nc6 is the strong threat.} (28. Kxb2 $5 Bb7 29. Nd7 $11) 28... Ra8 (28... Rb5 $11) 29. Nc4 (29. h4 $14) 29... Qa7 30. g5 (30. Qd4 $11 {remains equal.} Qc7 31. Qe5) 30... hxg5 $17 31. fxg5 (31. Rg1 $17) 31... Nxg5 $19 {[%emt 0:00:00] Hoping for ...Bb7.} 32. Rg1 f6 33. Nd6 Bd7 {[%emt 0:00:00] Threatens to win with ...Rfb8.} 34. h4 (34. Rg3 $142) 34... Nf3 35. Rg3 (35. Rgf1 $142 Qe3 36. Nc4) 35... Qe3 {[%emt 0:00:00] aiming for ...Nd2+. The board is on fire.} 36. Rxg7+ $2 (36. Rg2 Kh8 37. Nc4) 36... Kxg7 {[%emt 0:00:00] Weighted Error Value: White=0.42/Black=0.20 (precise)} 0-1

[Event "European Corporate Championship 2022"]
[Site "Rotterdam"]
[Date "2022.06.18"]
[Round "1.14"]
[White "Geldhof, Alexander"]
[Black "Schelvis, Richard"]
[Result "0-1"]
[ECO "B40"]
[WhiteElo "1833"]
[BlackElo "2157"]
[Annotator "TA"]
[PlyCount "54"]
[EventDate "2022.06.18"]
[EventType "team-tourn"]
[EventCountry "NED"]
[SourceTitle "playchess.com"]
[Source "ChessBase"]
[SourceQuality "1"]
[TimeControl "900+5"]

1. e4 c5 2. Nf3 e6 3. d4 cxd4 4. Nxd4 Nf6 5. Nc3 Qb6 6. Nb3 {[%emt 0:01:13] Threatens to win with e5.} Bb4 {[%emt 0:00:03] B40: Sicilian: 2...e6, Unusual lines.} 7. Bd3 Bxc3+ 8. bxc3 {[%emt 0:00:01] e5 is the strong threat.} d6 {[%emt 0:00:01] White is slightly better.} 9. O-O O-O $40 {[%emt 0:00:03][%mdl 128] Black is up to no good.} 10. Bg5 Nbd7 11. Rb1 Qc7 {[%emt 0:00:03] [#]} 12. Qd2 $146 ({Predecessor:} 12. c4 b6 13. Nd4 a6 14. Kh1 Bb7 15. Qe2 Kh8 16. f4 Nc5 17. e5 Nfe4 18. Nb3 Nc3 19. Qh5 Nxd3 20. cxd3 Nxb1 21. Qh4 Nc3 22. Bf6 Rg8 23. f5 gxf6 {0-1 (23) Gasperoni,S (2009)-Vivo,M (2165) Bratto 2006}) 12... b6 13. Nd4 a6 14. Rb2 Bb7 15. f3 d5 16. exd5 (16. e5 $5 Nxe5 17. Bxf6 gxf6 18. Qf4 $11) 16... Bxd5 17. Rfb1 (17. Rb4 $11) 17... b5 (17... Rfc8 $5 ) 18. a4 bxa4 {[%emt 0:00:13] aiming for ...a3.} 19. Ra1 e5 20. Nf5 a3 21. Ne7+ $2 {[%emt 0:01:22][%mdl 8192] [#] This costs White the game.} (21. Rbb1 $11 {and White has nothing to worry.}) 21... Kh8 $19 {[%emt 0:00:03] Dancing on a razor blade.} 22. Nxd5 $2 (22. Rbb1 Qc5+ 23. Qe3 Qxe7 24. c4) 22... axb2 {[%emt 0:00:06] Black is clearly winning.} 23. Nxc7 bxa1=Q+ 24. Qc1 Qxc1+ 25. Bxc1 Rfc8 26. Nxa6 Rxa6 27. Bxa6 Ra8 {[%emt 0:00:03] Weighted Error Value: White=1.11/Black=0.43} 0-1

[Event "European Corporate Championship 2022"]
[Site "Rotterdam"]
[Date "2022.06.18"]
[Round "1.15"]
[White "Jap Tjoen San, Linda"]
[Black "Toledano Llinares, Juan A."]
[Result "1-0"]
[ECO "C56"]
[WhiteElo "2045"]
[BlackElo "2252"]
[Annotator "TA"]
[PlyCount "73"]
[EventDate "2022.06.18"]
[EventType "team-tourn"]
[EventCountry "NED"]
[SourceTitle "playchess.com"]
[Source "ChessBase"]
[SourceQuality "1"]
[TimeControl "900+5"]

1. e4 e5 2. Nf3 Nc6 3. Bc4 Bc5 4. c3 Bb6 5. O-O Nf6 6. d4 exd4 7. cxd4 O-O 8. d5 Ne7 9. e5 {[%emt 0:00:51] C56: Two Knights: 4 d4 exd4 5 0-0 Nxe4.} Ng4 {[%emt 0:00:38] [#]} 10. Bg5 $146 (10. h3 $16) ({Predecessor:} 10. h3 Nh6 11. d6 cxd6 12. exd6 Nef5 13. Bg5 Qe8 14. Re1 Ne3 15. fxe3 Nf5 16. Nd4 Nxd6 {1-0 (26) Llamas Martinez,P (1641)-Gomez Benitez,S (1223) Madrid 2018}) 10... d6 $11 11. exd6 {[%emt 0:00:27] The position is equal.} Qxd6 12. Nc3 h6 (12... Ng6 {was preferrable.}) 13. Bh4 $2 (13. Nb5 $1 $11 Qc5 14. Bxe7 Qxe7 15. d6 cxd6 16. Qxd6) 13... Ng6 $2 (13... Nf5 $19 14. h3 Nxh4 15. hxg4 Bxg4) 14. Bg3 $36 {[%emt 0:00:20][%mdl 2048] White has some pressure.} Qd8 15. Bb3 (15. Qc2 {with more complications.} Ne7 16. Rad1 Nf5 17. Bf4) 15... Nf6 16. Qd3 Kh8 (16... Nh5 $11) 17. Rad1 {[%emt 0:00:03] Threatens to win with d6.} Ne8 18. Na4 Nd6 19. Nxb6 axb6 {[%emt 0:00:01] [#]} 20. Nd4 $1 Ne7 21. a3 (21. Bc2 g6 $16) 21... Bg4 22. f3 Bh5 23. Rfe1 ({Don't play} 23. Bc2 $6 Bg6 24. Qc3 Bxc2 25. Nxc2 Nef5 $11) (23. Be5 $16) 23... Re8 (23... Bg6 $14 24. Qc3 Nef5) 24. Bh4 {[%emt 0:00:12] White is much more active.} (24. Bc2 $6 Bg6 25. Qb3 Bxc2 26. Nxc2 Nef5 $11) (24. Nb5 $142) 24... Qd7 $16 25. Re5 {[%emt 0:01:05] Prevents Nef5.} ({Reject} 25. Bc2 $6 Bg6 26. Qb3 Bxc2 27. Nxc2 Kg8 $11) (25. Bf2 $16) 25... Ng6 $2 26. Rxe8+ $2 (26. Rxh5 $18 {is the precise move to win.} Nxh4 27. Rxh4) 26... Rxe8 27. Bg3 Ne7 28. Ne2 ({Much weaker is} 28. Bc2 $6 Bg6 29. Qb3 Bxc2 30. Nxc2 Kg8 $11) (28. Bxd6 $16 Qxd6 29. Nb5) 28... Bg6 $14 29. Qd2 Nef5 30. Bf2 Qb5 31. Nf4 Qxb3 $19 32. Nxg6+ (32. Rc1 {was necessary.}) 32... fxg6 33. Rc1 Rc8 34. Rc3 Qb5 35. g4 Ne7 36. Bd4 {[%emt 0:00:01] White threatens Qxh6+ and mate.} Nxd5 $4 {[%emt 0:00:22][%mdl 8192] [#]} (36... Kh7 $19 37. Be5 Nf7) 37. Qxh6+ $1 {[%emt 0:00:03] Weighted Error Value: White=0.84/Black=0.76} 1-0

[Event "European Corporate Championship 2022"]
[Site "Rotterdam"]
[Date "2022.06.18"]
[Round "1.17"]
[White "Garcia Ortega, Manuel"]
[Black "Afek, Yochanan"]
[Result "0-1"]
[ECO "A08"]
[WhiteElo "1725"]
[BlackElo "2210"]
[Annotator "TA"]
[PlyCount "47"]
[EventDate "2022.06.18"]
[EventType "team-tourn"]
[EventCountry "NED"]
[SourceTitle "playchess.com"]
[Source "ChessBase"]
[SourceQuality "1"]
[TimeControl "900+5"]

1. Nf3 c5 2. g3 g6 3. Bg2 Bg7 4. c3 e5 5. e4 Nc6 6. a4 Nf6 7. d3 O-O 8. O-O d5 9. exd5 Nxd5 10. Nbd2 h6 {[%emt 0:02:23] [#]} 11. Rb1 $146 {[%emt 0:01:57] A08: King's Indian Attack.} (11. Re1 $11) ({Predecessor:} 11. Nc4 Re8 12. Re1 b6 13. Qc2 Bb7 14. Bd2 Qd7 15. Rad1 Rad8 16. Bc1 Kh7 17. Ne3 Nxe3 18. Bxe3 f5 19. Bc1 Qf7 20. h4 {1-0 (36) Sinitsina,A (2115)-Loy,K (2268) Chess.com INT 2021}) 11... Be6 12. Nc4 Qc7 13. Ne3 {[%emt 0:00:05][%cal Of3d4] Black is better.} Nb6 {[%emt 0:00:31] Black is more active.} 14. Bd2 (14. b3 $15) 14... Rad8 $17 15. Qc2 (15. b4 $17) 15... Qd7 $19 16. Ne1 (16. Ra1 $142) 16... c4 17. b4 cxb3 18. Rxb3 Bxb3 ({And not} 18... Nxa4 19. Rb1 Nc5 20. Bc1 $17) 19. Qxb3 Na5 20. Qb5 {[%emt 0:00:32] [#]} (20. Qb2) 20... Qxb5 $1 {[%emt 0:00:00] Black is clearly winning.} 21. axb5 Nb3 22. Nf3 e4 23. dxe4 Nxd2 24. Nd4 {[%emt 0:00:00] White did not feel at home in the position after the opening.  Weighted Error Value: White=0.66/Black=0.06 (flawless)} 0-1

[Event "European Corporate Championship 2022"]
[Site "Rotterdam"]
[Date "2022.06.18"]
[Round "1.20"]
[White "Breger, Baruch"]
[Black "Goulis, Panagiotis"]
[Result "1-0"]
[ECO "B21"]
[WhiteElo "1739"]
[BlackElo "1240"]
[Annotator "NA RC"]
[PlyCount "89"]
[EventDate "2022.06.18"]
[EventType "team-tourn"]
[EventCountry "NED"]
[SourceTitle "playchess.com"]
[Source "ChessBase"]
[SourceQuality "1"]
[TimeControl "900+5"]

1. e4 c5 2. Nf3 d6 3. c3 Nf6 4. d4 cxd4 5. cxd4 Nxe4 6. d5 Nf6 7. Nc3 Nbd7 8. Bd3 a6 9. O-O g6 10. Bg5 Bg7 11. Re1 O-O 12. Qd2 b5 13. a3 Bb7 14. Bc2 Rc8 15. h3 Re8 16. Rad1 Nb6 17. Bb3 Rc5 18. Be3 Nc4 19. Qe2 Nxe3 20. Qxe3 Qd7 21. Rd4 Nxd5 22. Rxd5 Bxd5 23. Nxd5 e6 24. Nc3 Bxc3 25. bxc3 Rec8 26. Rc1 Qc7 27. Qf4 Rxc3 28. Rxc3 Qxc3 29. Ng5 Qc1+ 30. Qxc1 Rxc1+ 31. Kh2 Rc3 32. Bd1 Rxa3 33. Bf3 Rxf3 34. gxf3 a5 35. Ne4 a4 36. Nc3 d5 37. Nxb5 Kg7 38. Kg1 Kf6 39. Kf1 Ke5 40. Ke2 d4 41. Kd3 f5 42. Nxd4 Kd5 43. Ne2 e5 44. Kc3 e4 45. f4 1-0